AA
LINCOLN SALTDOGS @ MILWAUKEE MILKMEN
07/18/2072
 
TOP OF THE 1ST
St. Paul Saints batting - Pitching for Winnipeg Goldeyes : RHP J.P. McAdams
Pitching: RHP J.P. McAdams
Batting: RHB Larry Boespflug 0-0: Ball
1-0: Called Strike
1-1: Swinging Strike
1-2: Ball
2-2: Foul Ball, location: 2F
2-2: Foul Ball, location: 2F
2-2: Strikes out swinging
Batting: LHB Jared Mack 0-0: Called Strike
0-1: Ball
1-1: Ball
2-1: Ball
3-1: Called Strike
3-2: Strikes out looking
Batting: SHB Davi Entrevinhas 0-0: Called Strike
0-1: Foul Ball, location: 2F
0-2: Strikes out swinging
Top of the 1st over - 0 runs, 0 hits, 0 errors, 0 left on base; St. Paul 0 - Winnipeg 0
BOTTOM OF THE 1ST
Winnipeg Goldeyes batting - Pitching for St. Paul Saints : RHP Jon Perrin
Pitching: RHP Jon Perrin
Batting: LHB David Ortega 0-0: Called Strike
0-1: Ball
1-1: Foul Ball, location: 2F
1-2: Foul Ball, location: 2F
1-2: Ball
2-2: Ball
3-2: Strikes out swinging
Batting: RHB Alfonso de la Rosa 0-0: Foul Ball, location: 2F
0-1: Ground out 1-3 (Groundball, 13S, EV 68.8 MPH)
Batting: RHB Gene Gorham 0-0: Ball
1-0: Foul Ball, location: 2F
1-1: Ball
2-1: Fly out, F7 (Flyball, 7S, EV 78.8 MPH)
Bottom of the 1st over - 0 runs, 0 hits, 0 errors, 0 left on base; St. Paul 0 - Winnipeg 0
TOP OF THE 2ND
St. Paul Saints batting - Pitching for Winnipeg Goldeyes : RHP J.P. McAdams
Batting: LHB Jonathan Cruz 0-0: Called Strike
0-1: Foul Ball, location: 2F
0-2: Hit by Pitch
Pinch Runner at 1st Victor Rojas:
Batting: RHB Juan Morales 0-0: Ball
1-0: Called Strike
1-1: Ball
2-1: Ball
3-1: Called Strike
3-2: Foul Ball, location: 2F
3-2: Foul Ball, location: 2F
3-2: Strikes out swinging
Batting: LHB Eddie Larracuente 0-0: Ball
1-0: Called Strike
Victor Rojas steals 2nd base
1-1: Foul Ball, location: 2F
1-2: SINGLE (Groundball, 56D, EV 101.2 MPH)
Victor Rojas to third
Runner from 3rd tries for Home, SAFE, throw by LF to home
Batting: RHB Eduardo Rios 0-0: Grounds into double play, 6-4-3 (Groundball, 6S, EV 85.0 MPH)
Top of the 2nd over - 1 run, 1 hit, 0 errors, 0 left on base; St. Paul 1 - Winnipeg 0
BOTTOM OF THE 2ND
Winnipeg Goldeyes batting - Pitching for St. Paul Saints : RHP Jon Perrin
Now in RF: Kevin Waring
Batting: RHB Evan Hower 0-0: Ball
1-0: Called Strike
1-1: Called Strike
1-2: Ground out 6-3 (Groundball, 6, EV 109.4 MPH)
Batting: RHB T.J. Holtman 0-0: Fly out, F7 (Flyball, 78M, EV 91.9 MPH)
Batting: SHB Norman Moffatt 0-0: Ground out 1-3 (Groundball, 13, EV 73.8 MPH)
Bottom of the 2nd over - 0 runs, 0 hits, 0 errors, 0 left on base; St. Paul 1 - Winnipeg 0
TOP OF THE 3RD
St. Paul Saints batting - Pitching for Winnipeg Goldeyes : RHP J.P. McAdams
Batting: LHB Domingo Ortega 0-0: Swinging Strike
0-1: Ball
1-1: Swinging Strike
1-2: Ball
2-2: Ball
3-2: Strikes out swinging
Batting: RHB Darryl Kirkpatrick 0-0: Foul Ball, location: 2F
0-1: Ball
1-1: Foul Ball, location: 2F
1-2: Reached on error, E5 (Groundball, 5, EV 89.4 MPH)
Batting: RHB Larry Boespflug 0-0: Swinging Strike
0-1: Swinging Strike
0-2: Foul Ball, location: 2F
0-2: Ball
1-2: Ground out 3-1 (Groundball, 13, EV 83.1 MPH)
Darryl Kirkpatrick to second
Batting: LHB Jared Mack 0-0: Foul Ball, location: 2F
0-1: Ball
1-1: Ball
2-1: Ball
3-1: TRIPLE (Flyball, 89XD, EV 102.5 MPH)
Darryl Kirkpatrick scores
Batting: SHB Davi Entrevinhas 0-0: Foul Ball, location: 2F
0-1: Called Strike
0-2: Ball
1-2: Strikes out looking
Top of the 3rd over - 1 run, 1 hit, 1 error, 1 left on base; St. Paul 2 - Winnipeg 0
BOTTOM OF THE 3RD
Winnipeg Goldeyes batting - Pitching for St. Paul Saints : RHP Jon Perrin
Batting: RHB Alvin Lozano 0-0: Ball
1-0: Ball
2-0: Foul Ball, location: 2F
2-1: Ground out 1-3 (Groundball, 34S, EV 63.8 MPH)
Batting: RHB David Barnes 0-0: SINGLE (Groundball, 6MS, EV 68.8 MPH) (infield hit)
Batting: RHB Jesus Salcedo 0-0: Grounds into double play, 6-4-3 (Groundball, 6, EV 102.5 MPH)
Bottom of the 3rd over - 0 runs, 1 hit, 0 errors, 0 left on base; St. Paul 2 - Winnipeg 0
TOP OF THE 4TH
St. Paul Saints batting - Pitching for Winnipeg Goldeyes : RHP J.P. McAdams
Batting: LHB Kevin Waring 0-0: Foul Ball, location: 2F
0-1: Foul Ball, location: 2F
0-2: Ball
1-2: Ball
2-2: Foul Ball, location: 2F
2-2: Ball
3-2: Strikes out swinging
Batting: RHB Juan Morales 0-0: Called Strike
0-1: Ball
1-1: Ball
2-1: Foul Ball, location: 2F
2-2: Fly out, F6 (Popup, P, EV 91.9 MPH)
Batting: LHB Eddie Larracuente 0-0: Ball
1-0: Called Strike
1-1: Ball
2-1: Ball
3-1: Foul Ball, location: 2F
3-2: Base on Balls
Batting: RHB Eduardo Rios 0-0: Called Strike
Eddie Larracuente steals 2nd base
0-1: Called Strike
0-2: Ball
1-2: Ball
2-2: Ball
3-2: SINGLE (Groundball, 6MD, EV 108.8 MPH)
Eddie Larracuente to third
Eddie Larracuente scores
Batting: LHB Domingo Ortega 0-0: Called Strike
0-1: Ball
1-1: Ground out 4-3 (Groundball, 4, EV 88.8 MPH)
Top of the 4th over - 1 run, 1 hit, 0 errors, 1 left on base; St. Paul 3 - Winnipeg 0
BOTTOM OF THE 4TH
Winnipeg Goldeyes batting - Pitching for St. Paul Saints : RHP Jon Perrin
Batting: LHB David Ortega 0-0: Ball
1-0: Called Strike
1-1: Foul Ball, location: 2F
1-2: Foul Ball, location: 2F
1-2: Ground out 6-3 (Groundball, 6, EV 91.2 MPH)
Batting: RHB Alfonso de la Rosa 0-0: Swinging Strike
0-1: Foul Ball, location: 2F
0-2: Ball
1-2: Foul Ball, location: 2F
1-2: Ground out 5-3 (Groundball, 56S, EV 78.8 MPH)
Batting: RHB Gene Gorham 0-0: Called Strike
0-1: Swinging Strike
0-2: Strikes out swinging
Bottom of the 4th over - 0 runs, 0 hits, 0 errors, 0 left on base; St. Paul 3 - Winnipeg 0
TOP OF THE 5TH
St. Paul Saints batting - Pitching for Winnipeg Goldeyes : RHP J.P. McAdams
Batting: RHB Darryl Kirkpatrick 0-0: Foul Ball, location: 2F
0-1: Called Strike
0-2: Fly out, F7 (Flyball, 78M, EV 90.0 MPH)
Batting: RHB Larry Boespflug 0-0: Ground out U3 (Groundball, 34, EV 84.4 MPH)
Batting: LHB Jared Mack 0-0: Foul Ball, location: 2F
0-1: Swinging Strike
0-2: Ball
1-2: Strikes out swinging
Top of the 5th over - 0 runs, 0 hits, 0 errors, 0 left on base; St. Paul 3 - Winnipeg 0
BOTTOM OF THE 5TH
Winnipeg Goldeyes batting - Pitching for St. Paul Saints : RHP Jon Perrin
Batting: RHB Evan Hower 0-0: Ball
1-0: Ball
2-0: SOLO HOME RUN (Flyball, 8LXD, EV 88.1 MPH), Distance : 433 ft
Batting: RHB T.J. Holtman 0-0: Ball
1-0: Called Strike
1-1: Swinging Strike
1-2: Fly out, F5 (Line Drive, 5, EV 76.2 MPH)
Batting: SHB Norman Moffatt 0-0: Called Strike
0-1: Ball
1-1: Ball
2-1: Ball
3-1: Base on Balls
Batting: RHB Alvin Lozano 0-0: Ball
1-0: Called Strike
Norman Moffatt steals 2nd base
1-1: Foul Ball, location: 2F
1-2: Foul Ball, location: 2F
1-2: Foul Ball, location: 2F
1-2: Fly out, F8 (Line Drive, 8RM, EV 94.4 MPH)
Batting: RHB David Barnes 0-0: Foul Ball, location: 2F
0-1: DOUBLE (Line Drive, 78D, EV 108.1 MPH)
Norman Moffatt scores
Batting: RHB Jesus Salcedo 0-0: Ball
1-0: Fly out, F8 (Flyball, 8RD, EV 96.2 MPH)
Bottom of the 5th over - 2 runs, 2 hits, 0 errors, 1 left on base; St. Paul 3 - Winnipeg 2
TOP OF THE 6TH
St. Paul Saints batting - Pitching for Winnipeg Goldeyes : RHP J.P. McAdams
Batting: SHB Davi Entrevinhas 0-0: Ball
1-0: SINGLE (Line Drive, 89S, EV 108.1 MPH)
Batting: LHB Kevin Waring 0-0: Ball
1-0: 2-RUN HOME RUN (Flyball, 89XD, EV 96.2 MPH), Distance : 397 ft
Pitching: LHP Jose Jose
Batting: RHB Juan Morales 0-0: Ball
1-0: Ball
2-0: Called Strike
2-1: Foul Ball, location: 2F
2-2: Ball
3-2: Ground out 4-3 (Groundball, 13, EV 79.4 MPH)
Batting: LHB Eddie Larracuente 0-0: Ball
1-0: Foul Ball, location: 2F
1-1: Foul Ball, location: 2F
1-2: SOLO HOME RUN (Line Drive, 7LD, EV 99.4 MPH), Distance : 363 ft
Batting: RHB Eduardo Rios 0-0: Ball
1-0: Foul Ball, location: 2F
1-1: Foul Ball, location: 2F
1-2: Foul Ball, location: 2F
1-2: SINGLE (Line Drive, 9LS, EV 94.4 MPH)
Batting: LHB Domingo Ortega 0-0: Foul Ball, location: 2F
0-1: Called Strike
0-2: Ball
1-2: Foul Ball, location: 2F
1-2: Hit by Pitch
Eduardo Rios to second
Batting: RHB Darryl Kirkpatrick 0-0: Called Strike
0-1: Fly out, F8 (Line Drive, 8RD, EV 90.6 MPH)
Batting: RHB Larry Boespflug 0-0: Called Strike
0-1: Ball
1-1: Fly out, F8 (Flyball, 8LD, EV 97.5 MPH)
Top of the 6th over - 3 runs, 4 hits, 0 errors, 2 left on base; St. Paul 6 - Winnipeg 2
BOTTOM OF THE 6TH
Winnipeg Goldeyes batting - Pitching for St. Paul Saints : RHP Jon Perrin
Batting: LHB David Ortega 0-0: Ball
1-0: Called Strike
1-1: Swinging Strike
1-2: Strikes out swinging
Batting: RHB Alfonso de la Rosa 0-0: Fly out, F8 (Line Drive, 8RM, EV 90.6 MPH)
Batting: RHB Gene Gorham 0-0: Foul Ball, location: 2F
0-1: Fly out, F8 (Flyball, 89XD, EV 104.4 MPH)
Bottom of the 6th over - 0 runs, 0 hits, 0 errors, 0 left on base; St. Paul 6 - Winnipeg 2
TOP OF THE 7TH
St. Paul Saints batting - Pitching for Winnipeg Goldeyes : LHP Jose Jose
Batting: LHB Jared Mack 0-0: Ball
1-0: Called Strike
1-1: Foul Ball, location: 2F
1-2: Ball
2-2: Strikes out swinging
Batting: SHB Davi Entrevinhas 0-0: Ball
1-0: Called Strike
1-1: Foul Ball, location: 2F
1-2: Ground out 4-3 (Groundball, 4, EV 88.8 MPH)
Batting: LHB Kevin Waring 0-0: Called Strike
0-1: Called Strike
0-2: Ground out 6-3 (Groundball, 6, EV 106.2 MPH)
Top of the 7th over - 0 runs, 0 hits, 0 errors, 0 left on base; St. Paul 6 - Winnipeg 2
BOTTOM OF THE 7TH
Winnipeg Goldeyes batting - Pitching for St. Paul Saints : RHP Jon Perrin
Batting: RHB Evan Hower 0-0: Ground out 5-3 (Groundball, 56, EV 100.6 MPH)
Batting: RHB T.J. Holtman 0-0: Swinging Strike
0-1: Called Strike
0-2: Ball
1-2: Fly out, F2 (Popup, 2LF, EV 93.8 MPH)
Batting: SHB Norman Moffatt 0-0: Ball
1-0: Ball
2-0: Ground out 6-3 (Groundball, 6, EV 103.1 MPH)
Bottom of the 7th over - 0 runs, 0 hits, 0 errors, 0 left on base; St. Paul 6 - Winnipeg 2
TOP OF THE 8TH
St. Paul Saints batting - Pitching for Winnipeg Goldeyes : LHP Jose Jose
Batting: RHB Juan Morales 0-0: Ground out 6-3 (Groundball, 6S, EV 88.8 MPH)
Batting: LHB Eddie Larracuente 0-0: Called Strike
0-1: Foul Ball, location: 2F
0-2: Ball
1-2: Strikes out swinging
Pitching: RHP Brandon Cumpton
Batting: RHB Eduardo Rios 0-0: Ground out 5-3 (Groundball, 56, EV 105.0 MPH)
Top of the 8th over - 0 runs, 0 hits, 0 errors, 0 left on base; St. Paul 6 - Winnipeg 2
BOTTOM OF THE 8TH
Winnipeg Goldeyes batting - Pitching for St. Paul Saints : RHP Jon Perrin
Batting: RHB Alvin Lozano 0-0: Ball
1-0: Swinging Strike
1-1: SINGLE (Line Drive, 89M, EV 95.0 MPH)
Batting: RHB David Barnes 0-0: Ball
1-0: Called Strike
1-1: DOUBLE (Line Drive, 7LS, EV 110.0 MPH)
Alvin Lozano to third
Runner from 3rd tries for Home, SAFE, throw by LF to trailing runner, OUT at third! 7-6-5
Batting: RHB Jesus Salcedo 0-0: Ball
1-0: Called Strike
1-1: Ball
2-1: Swinging Strike
2-2: Ball
3-2: Strikes out swinging
Batting: LHB David Ortega 0-0: Called Strike
0-1: Ball
1-1: Foul Ball, location: 2F
1-2: Ball
2-2: Ball
3-2: Foul Ball, location: 2F
3-2: Foul Ball, location: 2F
3-2: Base on Balls
Pitching: LHP Jake Casey
Batting: RHB Alfonso de la Rosa 0-0: Swinging Strike
0-1: Ball
1-1: Ground out 4-3 (Groundball, 4, EV 87.5 MPH)
Bottom of the 8th over - 1 run, 2 hits, 0 errors, 1 left on base; St. Paul 6 - Winnipeg 3
TOP OF THE 9TH
St. Paul Saints batting - Pitching for Winnipeg Goldeyes : RHP Brandon Cumpton
Batting: LHB Domingo Ortega 0-0: Called Strike
0-1: Foul Ball, location: 2F
0-2: Ball
1-2: Ball
2-2: SOLO HOME RUN (Flyball, 9LD, EV 102.5 MPH), Distance : 365 ft
Batting: RHB Darryl Kirkpatrick 0-0: Ground out 5-3 (Groundball, 56, EV 101.9 MPH)
Batting: RHB Larry Boespflug 0-0: Ball
1-0: Ball
2-0: Called Strike
2-1: Ball
3-1: Foul Ball, location: 2F
3-2: Strikes out swinging
Batting: LHB Jared Mack 0-0: Swinging Strike
0-1: Called Strike
0-2: Fly out, F7 (Flyball, 7, EV 80.0 MPH)
Top of the 9th over - 1 run, 1 hit, 0 errors, 0 left on base; St. Paul 7 - Winnipeg 3
BOTTOM OF THE 9TH
Winnipeg Goldeyes batting - Pitching for St. Paul Saints : LHP Jake Casey
Batting: RHB Gene Gorham 0-0: Ball
1-0: Swinging Strike
1-1: Ball
2-1: Reached on error, E5 (Groundball, 56S, EV 85.0 MPH)
Batting: RHB Evan Hower 0-0: Ball
1-0: Ball
2-0: Fly out, F9 (Flyball, 9LM, EV 76.9 MPH)
Batting: RHB T.J. Holtman 0-0: Ball
1-0: Called Strike
1-1: Swinging Strike
1-2: Ground out 5-3 (Groundball, 56S, EV 70.0 MPH)
Gene Gorham to third
Batting: SHB Norman Moffatt 0-0: Ball
1-0: Ground out 6-3 (Groundball, 56, EV 99.4 MPH)
Bottom of the 9th over - 0 runs, 0 hits, 1 error, 1 left on base; St. Paul 7 - Winnipeg 3
Thursday, October 28th , 2021 - OOTP Baseball 22.10 Build 79